 Dungeon Crawl Stone Soup version 0.30-a0-916-g98134172ad (webtiles) character file.

Game seed: 16541342848910717166

2 Aequonox the Vexing (level 1, -4/13 HPs)
             Began as a Vampire Enchanter on Mar 20, 2023.
             Succumbed to a kobold's poison
             ... on level 1 of the Dungeon.
             The game lasted 00:00:30 (249 turns).

Aequonox the Vexing (Vampire Enchanter)              Turns: 249, Time: 00:00:30

Health: -4/13      AC:  2    Str:  7    XL:     1   Next: 33%
Magic:  3/3        EV: 12    Int: 17    God:
Gold:   47         SH:  0    Dex: 14    Spells: 4/4 levels left

rFire   . . .      SeeInvis +    a - +1 dagger
rCold   . . .      Faith    .    (no shield)
rNeg    . . .      Spirit   .    b - +0 robe
rPois   .          Reflect  .    (no helmet)
rElec   .          Rampage  .    (no cloak)
rCorr   .                        (no gloves)
Will    .....                    (no boots)
Stlth   +++                      (no amulet)
HPRegen 0.42/turn                (no ring)
MPRegen 0.08/turn                (no ring)

@: lethally poisoned (-4 -> -23), healing quickly
A: alive, fangs 3, see invisible, vampiric 1
a: Exsanguinate


You were on level 1 of the Dungeon.
You visited 1 branch of the dungeon, and saw 1 of its levels.

You collected 47 gold pieces.

Inventory:

Hand Weapons
 a - a +1 dagger (weapon)
Armour
 b - a +0 robe (worn)
Jewellery
 d - a +6 ring of strength
Scrolls
 f - a scroll of teleportation {unknown}
Potions
 c - 2 potions of invisibility
 e - a potion of curing {unknown}


   Skills:
 + Level 1.2 Short Blades
 + Level 2.2 Dodging
 + Level 4.4 Stealth
 + Level 2.0 Spellcasting
 + Level 4.4 Hexes


You had 4 spell levels left.
You didn't know any spells.
Your spell library contained the following spells:

 Spells                   Type           Power      Damage    Failure   Level
 Confusing Touch          Hex            16%        N/A       10%         3
 Tukima's Dance           Hex            16%        N/A       10%         3
 Ensorcelled Hibernation  Hex/Ice        18%        N/A       12%         2
 Apportation              Tloc           2%         N/A       19%         1
 Dazzling Flash           Conj/Hex       18%        N/A       24%         3
 Alistair's Intoxication  Tmut/Pois      0%         N/A       99%         5


Dungeon Overview and Level Annotations

Branches:
Dungeon (1/15)

Altars:

Shops:
D:1 [


Innate Abilities, Weirdness & Mutations

Your natural rate of healing is accelerated.
You have razor-sharp teeth.
You have supernaturally acute eyesight. (SInv)
You are afflicted with vampirism.


Message History

You pick up a book of Party Tricks and begin reading...
You add the spells Apportation and Alistair's Intoxication to your library.
You now have 21 gold pieces (gained 12).
Found a stone staircase leading down.
Found Keyzasun's Armour Shoppe.
There is an entrance to Keyzasun's Armour Shoppe here.
A kobold comes into view. It is wielding a +0 club.
A kobold is nearby!
Found a stone staircase leading down.
You see here a scroll labelled PAXOHO DEIV.
The helpless kobold fails to defend itself.
You puncture the kobold!
You kill the kobold!
f - a scroll labelled PAXOHO DEIV
There is a stone staircase leading down here.
A bat comes into view.
The helpless bat fails to defend itself.
You impale the bat!!
You kill the bat!
You now have 30 gold pieces (gained 9).
You now have 37 gold pieces (gained 7).
You now have 47 gold pieces (gained 10).
A kobold comes into view.
It is wielding a +1 short sword of venom.
A kobold is nearby!
The kobold throws a stone.
The stone hits you but does no damage.
A ball python and a goblin come into view.
You hit the kobold but do no damage.
The kobold hits you with a +1 short sword of venom.
You hit the kobold but do no damage.
The goblin shouts!
The kobold hits you with a +1 short sword of venom.
You are lethally poisoned!
You are too injured to fight recklessly!
* * * LOW HITPOINT WARNING * * *
You feel very sick. The kobold attacks as you move away!
The kobold hits you with a +1 short sword of venom.
* * * LOW HITPOINT WARNING * * *
You are more poisoned.
You die...

....# ##.......###
..g.# ##.....##..
... ########.. ...
..... #.##
######... #.#.
#....#...
#K#.####.#.##.#...
#.#.#....#.##.#.##
#@#.#.####.#....##
#.#.............##
#.#.....##.#....##
#.#.....##......#
#.##....####...###
#................>
####....####...###
#....# #...#
#....# #...#


You could see a goblin and a kobold.

Vanquished Creatures
  A bat (D:1)
  A frilled lizard (D:1)
  A kobold (D:1)
3 creatures vanquished.

Notes
Turn   | Place    | Note
-------+----------+-------------------------------------------
     0 | D:1      | Aequonox the Vampire Enchanter began the quest for the Orb.
     0 | D:1      | Reached XP level 1. HP: 13/13 MP: 3/3
   183 | D:1      | Found Keyzasun's Armour Shoppe.
   249 | D:1      | Succumbed to a kobold's poison

Illustrated notes

Levels and vault maps discovered:
D:1:      lemuel_arrival_rhombus, layout_basic, serial_shops, shop,
          chequers_ecumenical_altar_simple_redux, dreamdust_princess_bridge

Action                     || total
---------------------------++-------
  Melee: Dagger            ||     6
   Stab: Sleeping          ||     2
 Armour: Robe              ||     1
  Dodge: Dodged            ||     1

Table legend: (Time is in decaauts)
 A = Elapsed time spent in this place.
 B = Non-inter-level travel time spent in this place.
 C = Inter-level travel time spent in this place.
 D = Time resting spent in this place.
 E = Time spent auto-exploring this place.
 F = Levels seen in this place.
 G = Mean time per level.
                   A        B        C        D        E       F      G
               +--------+--------+--------+--------+--------+-----+--------+
         Total |    248 |    248 |      0 |      0 |    214 |   1 |  248.0 |
       Dungeon |    248 |    248 |      0 |      0 |    214 |   1 |  248.0 |
               +--------+--------+--------+--------+--------+-----+--------+

Top non-repeatable levels by time:
     D:1: 248 daAuts
